AoeStats
← NuMa | Gacha

Nomad

507578606Analyzed
2v2 RM · 15d ago on Sep 18, 2026· 41m 22s· 4 players
Game mode
Random Map
Map size
176×176
Population
200
Speed
Normal
Resources
Standard
Victory
Conquest
Starting age
Dark Age
Ending age
Imperial Age
RankedLock teamsTeams togetherTeam positionsShared explorationLock speedFull tech treeHidden civsTurbo modeCheats
Victory
Defeat
🇦🇷 Spanish · Argentina
1173
+16
🇨🇴 Koreans · Colombia
1092
+19
🇲🇽 Burmese · Mexico
1182
-18
🇲🇽 Mongols · Mexico
1145
-17
Jorge el glorioso maton
3:45 Loom
13:16 Feudal Age
22:46 Castle Age
iSlayerXtrem
5:21 Loom
14:35 Feudal Age
15:33 Gold Mining
19:49 Bloodlines
21:45 Castle Age
28:25 Gold Shaft Mining
27:41 Stone Mining
29:05 Forging
32:06 Wheelbarrow
31:39 Scale Barding Armor
31:53 Elite Skirmisher
32:24 Light Cavalry
33:53 Padded Archer Armor
35:33 Ballistics
37:00 Fletching
NuMa | Gacha
3:55 Loom
14:46 Feudal Age
18:35 Castle Age
16:45 Double-Bit Axe
18:55 Gold Mining
25:14 Wheelbarrow
31:48 Hand Cart
34:14 Fletching
34:58 Bodkin Arrow
35:36 Scale Barding Armor
41:20 Imperial Age
40:14 Sanctity
40:10 Fervor
42:02 Ballistics
pablo.munoz.alvarez
5:49 Loom
13:02 Feudal Age
13:57 Double-Bit Axe
15:31 Fletching
17:10 Wheelbarrow
25:18 Castle Age
27:13 Bodkin Arrow
28:54 Padded Archer Armor
32:19 Bloodlines
32:09 Husbandry
Connection lost

Rejoining the realm…

Still unreachable

The connection could not be restored.

Session expired

The server has moved on; the page needs a fresh start.